 Dungeon Crawl Stone Soup version 0.29-a0-473-gacb4ef3 (webtiles) character file.

Game seed: 9874690455974738793

355 Illumine the Quickloader (level 6, -4/36 HPs)
             Began as a Kobold Hunter on May 23, 2022.
             Was an Initiate of Hepliaklqana.
             Slain by an orc
             ... wielding a +0 morningstar
              (11 damage)
             ... on level 4 of the Dungeon.
             The game lasted 00:04:43 (3868 turns).

Illumine the Quickloader (Kobold Hunter)            Turns: 3868, Time: 00:04:44

Health: -4/36      AC:  3    Str:  8    XL:     6   Next: 95%
Magic:  6/6        EV: 15    Int: 10    God:    Hepliaklqana [......]
Gold:   201        SH:  0    Dex: 21    Spells: 5/5 levels left

rFire   . . .      SeeInvis .   b - +0 dagger (elec)
rCold   . . .      Faith    .   (no shield)
rNeg    . . .      Spirit   .   h - +0 leather armour
rPois   .          Reflect  .   (no helmet)
rElec   .          Harm     .   (no cloak)
rCorr   .          Rampage  .   (no gloves)
Will    .....                   (no boots)
Stlth   ++++......              (no amulet)
HPRegen 0.12/turn               (no ring)
MPRegen 0.10/turn               (no ring)

@: no status effects
A: small, no large weapons, nightstalker 3
a: Renounce Religion


You were on level 4 of the Dungeon.
You worshipped Hepliaklqana.
Hepliaklqana was noncommittal.
You visited 2 branches of the dungeon, and saw 6 of its levels.

You collected 201 gold pieces.

Inventory:

Hand Weapons
 a - a +1 hand crossbow
 b - a +0 dagger of electrocution (weapon)
Armour
 h - a +0 leather armour (worn)
Jewellery
 g - a ring of magical power
 o - a ring of positive energy
 q - a ring of protection from cold
Wands
 p - a wand of flame (23)
 u - a wand of digging (8)
Scrolls
 c - a scroll of immolation
 d - a scroll of enchant armour {unknown}
 f - 2 scrolls of fog
 i - a scroll of summoning {unknown}
 j - 2 scrolls of blinking {unknown}
 l - 2 scrolls of magic mapping {unknown}
 m - a scroll of noise {unknown}
 n - a scroll of enchant weapon {unknown}
 r - a scroll of amnesia {unknown}
 w - a scroll of teleportation {unknown}
 y - a scroll of brand weapon {unknown}
Potions
 e - a potion of magic {unknown}
 k - 3 potions of curing
 s - a potion of lignification {unknown}
 t - a potion of flight {unknown}
 v - a potion of ambrosia {unknown}
 x - 2 potions of brilliance {unknown}
 z - a potion of haste {unknown}


   Skills:
 + Level 2.4 Fighting
 + Level 4.6 Short Blades
 + Level 8.1 Crossbows
 + Level 2.7 Dodging
 - Level 3.2 Stealth


You had 5 spell levels left.
You didn't know any spells.
Your spell library contained the following spells:

 Spells                   Type           Power      Damage    Failure   Level
 Call Canine Familiar     Summ           0%         N/A       86%         3
 Portal Projectile        Hex/Tloc       0%         N/A       86%         3
 Animate Dead             Necr           0%         N/A       99%         4
 Leda's Liquefaction      Hex/Erth       0%         N/A       99%         4
 Borgnjor's Vile Clutch   Necr/Erth      0%         N/A       100%        5
 Death Channel            Necr           0%         N/A       100%        6


Dungeon Overview and Level Annotations

Branches:
Dungeon (5/15)             Temple (1/1) D:4

Altars:
Ashenzari
Elyvilon
Hepliaklqana
Makhleb
Ru
Sif Muna
Uskayaw
Vehumet
Wu Jian
Zin


Innate Abilities, Weirdness & Mutations

You are small and have problems with some larger weapons.
You are completely attuned to the shadows.


Message History

You start resting.
HP restored.
You shoot a bolt. The adder hisses angrily.
The bolt hits the adder!
You kill the adder!
No target in view!
Found a spear.
Found 24 stones.
You see here a +0 spear.
An orc comes into view. It is wielding a +0 mace.
You shoot a bolt. The bolt hits the orc!
You kill the orc!
An orc priest comes into view. It is wielding a +0 dagger.
You shoot a bolt. The bolt hits the orc priest.
The orc priest shouts!
The orc priest is moderately wounded.
You hear a shout!
An orc comes into view. It is wielding a +0 morningstar.
You shoot a bolt. The bolt hits the orc priest.
The orc priest is heavily wounded.
You shoot a bolt.
The bolt hits the orc priest but does no damage.
The orc priest is heavily wounded.
You hear the crackle of electricity.
b - a +0 dagger of electrocution (weapon)
The orc priest hits you with a +0 dagger.
You hit the orc priest.
The orc priest is heavily wounded.
You hit the orc priest but do no damage.
The orc priest is heavily wounded.
The orc priest mumbles some strange prayers to Beogh against you.
Beogh smites you! The orc closely misses you.
You hit the orc priest.
The orc priest is severely wounded.
The orc priest invokes the aid of Beogh against you.
Beogh smites you!
* * * LOW HITPOINT WARNING * * *
The orc hits you with a +0 morningstar!
You die...

......# .##.....###.#
..##......#.#.
..................#
#..............[.###
##............ ....#.
#...........(####..#.
....................>
....@.............##.
...oo....).........##
.........#..........#
....)....####.....#..
.........###.........
.............†..
............
..####...... .#
####..#


You could see an orc priest and an orc.

Vanquished Creatures
  A phantom (D:5)
  A scorpion (D:5)
  A hound (D:4)
  An iguana (D:5)
  An orc wizard (D:3)
  6 adders
  An ufetubus (D:5)
  2 worms (D:3)
  3 dart slugs
  3 orcs
  5 bats
  4 endoplasms
  4 giant cockroaches
  5 goblins
  7 hobgoblins
  2 jackals (D:1)
  6 kobolds
  3 quokkas
  6 ball pythons
  3 frilled lizards
  8 rats
73 creatures vanquished.

Notes
Turn   | Place    | Note
-------+----------+-------------------------------------------
     0 | D:1      | Illumine the Kobold Hunter began the quest for the Orb.
     0 | D:1      | Reached XP level 1. HP: 12/12 MP: 1/1
   269 | D:1      | Reached XP level 2. HP: 15/17 MP: 2/2
   334 | D:1      | Reached skill level 6 in Crossbows
   343 | D:1      | Found a faded altar of an unknown god.
   482 | D:1      | Reached XP level 3. HP: 21/21 MP: 3/3
   875 | D:2      | Reached skill level 1 in Short Blades
  1188 | D:2      | Reached XP level 4. HP: 26/26 MP: 4/4
  2059 | D:3      | Reached skill level 7 in Crossbows
  2460 | D:3      | Reached XP level 5. HP: 30/30 MP: 5/5
  2746 | D:4      | Found a staircase to the Ecumenical Temple.
  2752 | Temple   | Entered the Ecumenical Temple
  2853 | Temple   | Became a worshipper of Hepliaklqana the Forgotten
  2994 | D:4      | Noticed a black bear
  3015 | D:5      | Entered Level 5 of the Dungeon
  3122 | D:5      | Noticed a phantom
  3140 | D:5      | Killed a phantom
  3141 | D:5      | Reached XP level 6. HP: 11/35 MP: 6/6
  3368 | D:5      | Reached skill level 8 in Crossbows
  3681 | D:5      | Noticed an ogre
  3868 | D:4      | Slain by an orc

Illustrated notes

Levels and vault maps discovered:
D:1:      minmay_arrival_glassed_features, layout_basic,
          shapermc_ecumenical_altar_starsandcircs
D:2:      layout_basic
D:3:      layout_loops_ring
D:4:      layout_cave_pools, minmay_temple_entry_drinking_statues
D:5:      layout_gridville, kennysheep_generic_room_13
Temple:   mainiacjoe_temple_archimedes_tessellation

Skill      XL: |  1  2  3  4  5  6 |
---------------+-------------------+-----
Crossbows      | 6 7 8 |  8.1
Short Blades   | 1 2 3 4 |  4.6
Stealth        | 2 3 |  3.2
Fighting       | |  2.4
Dodging        | |  2.7

Action                   |  1- 3 |  4- 6 || total
-------------------------+-------+-------++-------
Melee: Dagger            |       |    28 ||    28
 Fire: Hand crossbow     |    67 |    87 ||   154
  Use: Scroll            |       |     4 ||     4
Armor: Leather armour    |     5 |     8 ||    13
Dodge: Dodged            |    13 |    30 ||    43

Table legend: (Time is in decaauts)
 A = Elapsed time spent in this place.
 B = Non-inter-level travel time spent in this place.
 C = Inter-level travel time spent in this place.
 D = Time resting spent in this place.
 E = Time spent auto-exploring this place.
 F = Levels seen in this place.
 G = Mean time per level.
                   A        B        C        D        E       F      G
               +--------+--------+--------+--------+--------+-----+--------+
         Total |   3889 |   3719 |    170 |    420 |   2792 |   6 |  648.2 |
       Dungeon |   3727 |   3621 |    106 |    420 |   2706 |   5 |  745.4 |
        Temple |    162 |     98 |     64 |      0 |     86 |   1 |  162.0 |
               +--------+--------+--------+--------+--------+-----+--------+

Top non-repeatable levels by time:
     D:2: 1163 daAuts
     D:3: 856 daAuts
     D:5: 721 daAuts
     D:1: 718 daAuts
     D:4: 267 daAuts
  Temple: 162 daAuts
